 Dungeon Crawl Stone Soup version 0.28-b1-25-g9875b3fc8c (webtiles) character file.

Game seed: 1598354340817218811

95 Lathuz the Skirmisher (level 4, 0/29 HPs)
             Began as a Gargoyle Fighter on Feb 3, 2022.
             Was an Initiate of Yredelemnul.
             Slain by an adder (3 damage)
             ... on level 3 of the Dungeon.
             The game lasted 00:04:54 (2271 turns).

Lathuz the Skirmisher (Gargoyle Fighter)            Turns: 2271, Time: 00:04:55

Health: 0/29       AC: 10    Str: 22    XL:     4   Next: 65%
Magic:  3/4        EV:  9    Int:  8    God:    Yredelemnul [......]
Gold:   116        SH:  0    Dex:  9    Spells: 3/3 levels left

rFire   . . .      SeeInvis +   a - +0 flail
rCold   . . .      Faith    .   c - +0 buckler
rNeg    + . .      Spirit   .   b - +0 scale mail
rPois   ∞          Reflect  .   (no helmet)
rElec   +          Harm     .   (no cloak)
rCorr   .          Rampage  .   (no gloves)
Will    .....                   (no boots)
Stlth   ..........              (no amulet)
HPRegen 0.09/turn               e - ring of see invisible
MPRegen 0.09/turn               (no ring)

@: confused
A: sickness immunity, AC +3, negative energy resistance 1, electricity
resistance, torment resistance 1, petrification resistance
a: Renounce Religion, Recall Undead Harvest


You were on level 3 of the Dungeon.
You worshipped Yredelemnul.
Yredelemnul was noncommittal.
You visited 1 branch of the dungeon, and saw 3 of its levels.

You collected 116 gold pieces.

Inventory:

Hand Weapons
 a - a +0 flail (weapon)
 d - a +1 mace of protection
Missiles
 n - 3 javelins
 s - 79 stones (quivered)
Armour
 b - a +0 scale mail (worn)
 c - a +0 buckler (worn)
Jewellery
 e - a ring of see invisible (left hand)
Scrolls
 f - 2 scrolls of fog {unknown}
 j - 3 scrolls of holy word {unknown}
 m - a scroll of vulnerability {unknown}
 o - a scroll of identify {unknown}
 p - a scroll of teleportation {unknown}
Potions
 g - a potion of flight {unknown}
 h - a potion of attraction {unknown}
 i - a potion of lignification {unknown}
 k - a potion of heal wounds {unknown}
 l - a potion of degeneration {unknown}
 q - 2 potions of haste {unknown}
 M - a potion of might


   Skills:
 + Level 3.9 Fighting
 * Level 3.3 Maces & Flails
 + Level 3.9 Armour
 + Level 3.9 Shields


You had 3 spell levels left.
You didn't know any spells.
Your spell library contained the following spells:

 Spells                   Type           Power      Damage    Failure   Level
 Shock                    Conj/Air       0%         1d3       82%         1
 Swiftness                Air            0%         N/A       99%         3
 Airstrike                Air            0%         N/A       100%        4
 Summon Lightning Spire   Summ/Air       0%         N/A       100%        4
 Storm Form               Tmut/Air       0%         N/A       100%        7
 Maxwell's Capacitive Co  Air            0%         ∞         100%        8


Dungeon Overview and Level Annotations

Branches:
Dungeon (3/15)

Altars:
Yredelemnul

Shops:
D:2 ([

Annotations:
D:3 Sigmund


Innate Abilities, Weirdness & Mutations

You are immune to sickness and miasma.
Your stone body is resilient. (AC +3)
You are immune to poison.
You resist negative energy. (rN+)
You are resistant to electric shocks. (rElec)
You are resistant to unholy torment.
You are immune to petrification.


Message History

Sigmund gestures at you while chanting. The magic dart hits you.
You begin recalling your allies.
Your worm zombie is recalled.
You finish recalling your allies.
An adder comes into view.
The adder moves out of view.
Sigmund hits you from afar with a +0 scythe.
Sigmund hits you with a +0 scythe!
* * * LOW HITPOINT WARNING * * *
You barely miss Sigmund.
Your worm zombie bites Sigmund!
You hit Sigmund.
Sigmund is heavily wounded.
The adder bites you.
* * * LOW HITPOINT WARNING * * *
The adder bites you.
* * * LOW HITPOINT WARNING * * *
You barely miss Sigmund.
Sigmund is heavily wounded.
Your worm zombie barely misses Sigmund.
You barely miss Sigmund.
Sigmund is heavily wounded.
Sigmund hits you with a +0 scythe!
* * * LOW HITPOINT WARNING * * *
You hit Sigmund.
Sigmund is heavily wounded.
Your worm zombie bites Sigmund.
Sigmund points at your worm zombie and mumbles some strange words.
Your worm zombie resists with significant effort.
You catch the helpless Sigmund completely off-guard!
You hit Sigmund.
Sigmund is almost dead.
Your worm zombie closely misses Sigmund.
You hit Sigmund but do no damage.
Sigmund is almost dead.
Sigmund points at you and mumbles some strange words.
You are confused.
The adder bites you.
You die...
Your body rises from the dead as a mindless zombie.

#...# .#...##
#...##.#.....
..........### #
#............
#.##..##.#......
######.##..##......#.
####....................
...............Z@S......
####..###.##..##@..##.#
####..###.#.............
........................
........................
...#..###...............
####..# #..........#..#.
#..# #.....#.......#
#..# #..............
#..# #.............


You could see Sigmund (ally target), an adder and a friendly worm zombie.

Vanquished Creatures
  Jessica (D:2)
  An adder (D:2)
  3 worms
  A dart slug (D:1)
  4 ball pythons
  3 endoplasms (D:1)
  A giant cockroach (D:1)
  4 goblins
  4 hobgoblins
  3 jackals (D:2)
  A kobold (D:1)
  A quokka (D:1)
  3 bats
  5 frilled lizards
  6 rats
41 creatures vanquished.

Vanquished Creatures (collateral kills)
  An endoplasm (D:2)
  A giant cockroach (D:2)
  A hobgoblin (D:2)
  A kobold (D:2)
  2 bats
  2 frilled lizards (D:2)
  A rat (D:2)
9 creatures vanquished.

Grand Total: 50 creatures vanquished

Notes
Turn   | Place    | Note
-------+----------+-------------------------------------------
     0 | D:1      | Lathuz the Gargoyle Fighter began the quest for the Orb.
     0 | D:1      | Reached XP level 1. HP: 14/14 MP: 1/1
   276 | D:1      | Reached XP level 2. HP: 19/19 MP: 2/2
   345 | D:1      | Found a faded altar of an unknown god.
   356 | D:1      | Prayed at the altar of an unknown god.
   356 | D:1      | Became a worshipper of Yredelemnul the Dark
   356 | D:1      | Reached * piety under Yredelemnul
  1021 | D:1      | Reached XP level 3. HP: 23/23 MP: 3/3
  1172 | D:2      | Noticed Jessica
  1191 | D:2      | Killed Jessica
  1469 | D:2      | Found Xeanudoa's Armour Shoppe.
  1479 | D:2      | Reached XP level 4. HP: 25/29 MP: 4/4
  1639 | D:2      | Found Juerys's Antique Weapon Emporium.
  1685 | D:2      | Reached ** piety under Yredelemnul
  2254 | D:3      | Noticed Sigmund
  2271 | D:3      | Slain by an adder

Illustrated notes

Levels and vault maps discovered:
D:1:      psy_arrival_radial01, layout_basic,
          chequers_ecumenical_altar_simple_redux
D:2:      layout_basic, serial_shops, shop, nicolae_shop_behind_doors,
          minmay_misc_feat_nine_boxes, hex_medium, st_stairs_11,
          minmay_heptomino_h4, uniq_jessica
D:3:      layout_basic, cheibrodos_gnoll_hut, uniq_sigmund

Skill      XL: |  1  2  3 |
---------------+----------+-----
Maces & Flails | 3 |  3.3
Fighting       | |  3.9
Armour         | |  3.9
Shields        | |  3.9

Action                   |  1- 3 |  4- 6 || total
-------------------------+-------+-------++-------
Melee: Flail             |    83 |    58 ||   141
Throw: Stone             |     7 |       ||     7
Invok: Recall Undead Har |       |     1 ||     1
 Stab: Distracted        |       |     2 ||     2
Armor: Scale mail        |    47 |    33 ||    80
Dodge: Dodged            |    41 |    26 ||    67
Block: Buckler           |    14 |     7 ||    21
